 Dungeon Crawl Stone Soup version 0.27-a0-1140-g099f9bb0e8 (webtiles) character file.

Game seed: 883806814473894935

45171 sizableburger the Ogre Mage (level 14, -3/144 HPs)
             Began as an Ogre Brigand on May 8, 2021.
             Was a High Priest of Vehumet.
             Slain by a komodo dragon (14 damage)
             ... on level 6 of the Lair of Beasts.
             The game lasted 01:18:44 (23734 turns).

sizableburger the Ogre Mage (Ogre Brigand)         Turns: 23734, Time: 01:18:45

Health: -3/144     AC: 12    Str: 18    XL:     14   Next: 31%
Magic:  12/29      EV:  0    Int: 16    God:    Vehumet [*****.]
Gold:   1143       SH:  0    Dex: 10    Spells: 1/35 levels left

rFire    . . .     SeeInvis .   D - +4 trident (venom)
rCold    . . .     Faith    .   L - +18 shield of the Gong {rElec rN+ Will+ EV-5}
rNeg     + . .     Spirit   .   J - +2 robe {Will+}
rPois    .         Reflect  .   (helmet restricted)
rElec    +         Harm     .   c - +2 cloak
rCorr    .         Rampage  .   (gloves unavailable)
Will     +++..                  (boots unavailable)
Stlth    ++........             S - amulet of the acrobat
HPRegen  0.34/turn              I - ring of wizardry
MPRegen  0.21/turn              F - +4 ring of protection

@: petrifying, very slow
A: large, unfitting armour, tough skin 1
a: Renounce Religion


You were on level 6 of the Lair of Beasts.
You worshipped Vehumet.
Vehumet was extremely pleased with you.
You visited 2 branches of the dungeon, and saw 16 of its levels.

You collected 1143 gold pieces.

Inventory:

Hand Weapons
 D - a +4 trident of venom (weapon)
Missiles
 b - 2 datura-tipped darts
 d - 30 poisoned darts
 e - 2 curare-tipped darts
 h - 378 stones
 C - a throwing net
Armour
 c - a +2 cloak (worn)
 J - a +2 robe of willpower (worn)
 L - the +18 shield of the Gong (worn) {rElec rN+ Will+ EV-5}
   (You found it on level 8 of the Dungeon)

   It affects your evasion (-5).
   It insulates you from electricity.
   It protects you from negative energy.
   It increases your willpower.
Magical Staves
 N - a staff of poison
Jewellery
 o - a +4 ring of evasion
 p - a ring of ice
 t - a ring of magical power
 w - a +6 ring of dexterity
 y - a ring of fire
 F - a +4 ring of protection (right hand)
 H - a ring of poison resistance
 I - a ring of wizardry (left hand)
 S - an amulet of the acrobat (around neck)
Wands
 a - a wand of flame (65)
 n - a wand of polymorph (10)
 x - a wand of iceblast (15)
 E - a wand of digging (10)
Scrolls
 f - 2 scrolls of immolation
 j - a scroll of holy word {unknown}
 q - 4 scrolls of teleportation
 u - 2 scrolls of enchant armour
 B - a scroll of magic mapping
 P - a scroll of brand weapon {unknown}
 Q - a scroll of amnesia
 R - a scroll of fog
 V - a scroll of silence {unknown}
Potions
 g - 4 potions of attraction
 i - a potion of curing
 k - 3 potions of mutation
 l - a potion of heal wounds
 m - 3 potions of haste
 r - 3 potions of brilliance
 v - 3 potions of degeneration
 z - a potion of magic
 A - 2 potions of resistance
 G - 3 potions of ambrosia
 K - a potion of berserk rage
 M - 2 potions of cancellation
 U - a potion of might
 W - a potion of flight {unknown}


   Skills:
 + Level 10.9 Fighting
 - Level 2.6 Short Blades
 - Level 9.0 Polearms
 - Level 2.0 Throwing
 + Level 0.8 Dodging
 - Level 3.4 Stealth
 - Level 9.0 Shields
 + Level 11.4 Spellcasting
 - Level 7.1 Conjurations
 + Level 6.4 Transmutations
 + Level 4.0 Fire Magic
 - Level 5.6 Ice Magic
 - Level 7.8 Earth Magic
 - Level 2.4 Poison Magic


You had one spell level left.
You knew the following spells:

 Your Spells              Type           Power      Damage    Failure   Level
a - Sandblast             Erth           68%        2d15      1%          1
b - Poisonous Vapours     Pois/Air       26%        N/A       1%          2
c - Bolt of Magma         Conj/Fire/Erth 14%        4d8       1%          5
d - Ignite Poison         Fire/Tmut/Pois 23%        N/A       1%          3
e - Ozocubu's Armour      Ice            27%        N/A       1%          3
f - Frozen Ramparts       Ice            54%        1d7       1%          3
g - Iron Shot             Conj/Erth      16%        9d4       7%          6
h - Irradiate             Conj/Tmut      15%        3d19      1%          5
i - Starburst             Conj/Fire      13%        8x6d6     13%         6

Your spell library contained the following spells:

 Spells                   Type           Power      Damage    Failure   Level
 Freeze                   Ice            100%       1d11      1%          1
 Animate Skeleton         Necr           18%        N/A       3%          1
 Apportation              Tloc           18%        N/A       3%          1
 Corona                   Hex            10%        N/A       3%          1
 Summon Small Mammal      Summ           36%        N/A       3%          1
 Passwall                 Tmut/Erth      26%        N/A       1%          2
 Stone Arrow              Conj/Erth      66%        3d11      1%          3
 Hailstorm                Conj/Ice       29%        3d8       1%          4
 Petrify                  Tmut/Erth      32%        N/A       1%          4
 Iskenderun's Battlesphe  Conj           31%        2d8       1%          5
 Lee's Rapid Deconstruct  Erth           17%        3d11*     1%          5
 Call Imp                 Summ           9%         N/A       4%          2
 Yara's Violent Unravell  Hex/Tmut       9%         3d6       7%          5
 Call Canine Familiar     Summ           9%         N/A       10%         3
 Summon Guardian Golem    Hex/Summ       9%         N/A       10%         3
 Summon Ice Beast         Ice/Summ       18%        N/A       10%         4
 Metabolic Englaciation   Hex/Ice        9%         N/A       26%         5
 Cause Fear               Hex            4%         N/A       30%         4
 Summon Lightning Spire   Summ/Air       9%         N/A       30%         4
 Orb of Destruction       Conj           15%        9d7       34%         7
 Silence                  Hex/Air        4%         N/A       61%         5
 Spellforged Servitor     Conj/Summ      10%        N/A       75%         7
 Discord                  Hex            4%         N/A       100%        8


Dungeon Overview and Level Annotations

Branches:
Dungeon (10/15)            Temple (0/1) D:6            Lair (6/6) D:10
 Shoals (0/4) Lair:4        Snake (0/4) Lair:2          Orc (0/2) D:10
  Slime: Lair:5-6

Altars:
Dithmenos
Elyvilon
Fedhas
Gozag
Hepliaklqana
Kikubaaqudgha
Okawaru
Vehumet
Wu Jian
Yredelemnul
Zin

Shops:
D:2 [


Innate Abilities, Weirdness & Mutations

You are too large for most types of armour.
You have tough skin. (AC +1)


Message History

The yak gores you but does no damage.
You hear a bark!
You hear an angry hiss.
You hear a croak.
Okay, then.
Okay, then.
You feel much better.
You are engulfed in calcifying dust.
You are slowing down.
The komodo dragon bites you!!
The yak is engulfed in calcifying dust.
The yak stops moving altogether!
The elephant tramples you.
* * * LOW HITPOINT WARNING * * *
You hold your ground!
The elephant trunk-slaps you but does no damage.
The elephant is engulfed in calcifying dust.
The basilisk bites you but does no damage.
The elephant tramples you!
* * * LOW HITPOINT WARNING * * *
You hold your ground!
The elephant trunk-slaps you.
The yak is engulfed in calcifying dust.
The yak stops moving altogether!
Unknown command.
You feel strangely stable.
You feel limber!
You feel magically purged.
Your magical contamination has completely faded away.
You are engulfed in calcifying dust.
You are slowing down.
The komodo dragon bites you but does no damage.
The yak is engulfed in calcifying dust.
The elephant tramples you!
* * * LOW HITPOINT WARNING * * *
You hold your ground!
The elephant trunk-slaps you but does no damage.
The elephant is engulfed in calcifying dust.
The basilisk bites you.
* * * LOW HITPOINT WARNING * * *
The yak is engulfed in calcifying dust.
The elephant tramples you but does no damage.
The elephant trunk-slaps you but does no damage.
The elephant tramples you!
* * * LOW HITPOINT WARNING * * *
You hold your ground!
The elephant trunk-slaps you but does no damage.
The yak is engulfed in calcifying dust.
The komodo dragon bites you!!
You die... ....#...... ......... ........ ...... #.... #JYY #YY# #Y@# #lYl#

#.YYY. ...§Y#..
.....Y#.......
....$.........Y.....
.................... #...#
...................####...#
#...................##....##


You could see a death yak, a catoblepas, 7 elephants, a komodo dragon, 3 yaks, a
basilisk and an endoplasm.

Vanquished Creatures
  5 hydras
  A boulder beetle (Lair:4)
  A catoblepas (Lair:4)
  10 death yaks (Lair:5)
  A lindwurm (Lair:1)
  2 oklob plants (Lair:1)
  12 elephants
  A torpor snail (Lair:5)
  10 black mambas
  14 cane toads
  2 gargoyles (D:10)
  8 komodo dragons
  A polar bear (Lair:4)
  A troll (D:9)
  13 dream sheep
  A meliai zombie (D:10)
  15 blink frogs
  A slime creature (D:8)
  28 yaks
  Sigmund (D:3)
  A wraith (D:10)
  4 wyverns
  Edmund (D:5)
  27 water moccasins
  2 orc warriors
  2 sky beasts (D:6)
  3 black bears
  3 necrophages
  6 wolves
  7 centaurs
  3 ogres
  A phantom (D:6)
  13 bullfrogs
  4 scorpions
  A wyvern skeleton (D:7)
  14 wights
  An electric eel (D:8)
  A howler monkey (D:5)
  A bullfrog zombie (D:6)
  A centaur zombie (D:2)
  2 bullfrog skeletons
  5 jellies
  A gnoll shaman (D:9)
  9 orc priests
  A hound (D:4)
  Ijyb (D:3)
  An iguana (D:6)
  6 orc wizards
  A killer bee zombie (D:7)
  2 hound zombies (D:5)
  A howler monkey zombie (D:9)
  13 adders
  16 gnolls
  2 white imps
  An ufetubus (D:4)
  3 worms
  A dart slug (D:4)
  50 orcs
  9 bats
  13 endoplasms
  4 giant cockroaches
  8 goblins
  13 hobgoblins
  4 jackals (D:3)
  14 kobolds
  3 quokkas
  7 ball pythons
  10 frilled lizards
  4 rats
429 creatures vanquished.

Vanquished Creatures (others)
  A killer bee zombie (D:8)
  An orc (D:10)
  2 bushes
  101 fungi
  89 plants
  8 toadstools (D:2)
202 creatures vanquished.

Grand Total: 631 creatures vanquished

Notes
Turn   | Place    | Note
-------+----------+-------------------------------------------
     0 | D:1      | sizableburger the Ogre Brigand began the quest for the Orb.
     0 | D:1      | Reached XP level 1. HP: 22/22 MP: 1/1
    79 | D:1      | Reached XP level 2. HP: 25/31 MP: 2/2
   169 | D:1      | Found a faded altar of an unknown god.
   188 | D:1      | Became a worshipper of Vehumet
   188 | D:1      | Reached * piety under Vehumet
   188 | D:1      | Offered knowledge of Sandblast by Vehumet.
   191 | D:1      | Learned a level 1 spell: Sandblast
   705 | D:1      | Reached XP level 3. HP: 29/37 MP: 3/3
   879 | D:2      | Reached skill level 1 in Earth Magic
   879 | D:2      | Reached XP level 4. HP: 31/45 MP: 0/4
  1031 | D:2      | Offered knowledge of Poisonous Vapours by Vehumet.
  1037 | D:2      | Learned a level 2 spell: Poisonous Vapours
  1050 | D:2      | Reached ** piety under Vehumet
  1141 | D:2      | Reached skill level 1 in Spellcasting
  1212 | D:2      | Reached skill level 1 in Poison Magic
  1212 | D:2      | Reached XP level 5. HP: 51/53 MP: 2/7
  1418 | D:2      | Found Bomap's Antique Armour Boutique.
  1919 | D:2      | Offered knowledge of Conjure Flame by Vehumet.
  2230 | D:3      | Reached skill level 2 in Spellcasting
  2234 | D:3      | Reached *** piety under Vehumet
  2358 | D:3      | Noticed Sigmund
  2398 | D:3      | Killed Sigmund
  2399 | D:3      | Reached XP level 6. HP: 57/61 MP: 10/10
  2616 | D:3      | Reached skill level 3 in Spellcasting
  2666 | D:3      | Learned a level 5 spell: Bolt of Magma
  3002 | D:3      | Noticed Ijyb
  3014 | D:3      | Killed Ijyb
  3113 | D:3      | Offered knowledge of Airstrike by Vehumet.
  3292 | D:4      | Reached skill level 1 in Polearms
  3292 | D:4      | Reached skill level 1 in Conjurations
  3292 | D:4      | Reached skill level 1 in Fire Magic
  3292 | D:4      | Reached XP level 7. HP: 45/67 MP: 12/12
  3387 | D:4      | Found a hazy altar of Hepliaklqana.
  3638 | D:4      | Reached **** piety under Vehumet
  3694 | D:4      | Offered knowledge of Ignite Poison by Vehumet.
  3701 | D:4      | Learned a level 3 spell: Ignite Poison
  4004 | D:4      | Reached skill level 4 in Spellcasting
  4299 | D:4      | Learned a level 3 spell: Ozocubu's Armour
  4317 | D:4      | Reached XP level 8. HP: 38/75 MP: 14/14
  4921 | D:5      | Entered Level 5 of the Dungeon
  5030 | D:5      | Reached skill level 1 in Ice Magic
  5437 | D:5      | Found a shadowy altar of Dithmenos.
  5448 | D:5      | Found a white marble altar of Elyvilon.
  5454 | D:5      | Found a radiant altar of Vehumet.
  5745 | D:5      | Noticed Edmund
  5756 | D:5      | Killed Edmund
  5977 | D:5      | Found an ornate altar of the Wu Jian Council.
  6055 | D:5      | Found a glowing silver altar of Zin.
  6056 | D:5      | Noticed an angel
  6761 | D:6      | Found a staircase to the Ecumenical Temple.
  7081 | D:6      | You fall into a shaft and drop 2 floors!
  7082 | D:8      | Noticed a wyvern
  7098 | D:8      | Reached XP level 9. HP: 49/81 MP: 3/15
  8506 | D:8      | Found an ancient bone altar of Kikubaaqudgha.
  8734 | D:8      | Found the +18 shield of the Gong {rElec rN+ Will+ EV-5}
  8979 | D:7      | You fall into a shaft and drop 3 floors!
  8979 | D:10     | Entered Level 10 of the Dungeon
  9145 | D:10     | Reached skill level 1 in Shields
  9147 | D:10     | Noticed a gargoyle
  9155 | D:10     | Reached skill level 5 in Conjurations
  9155 | D:10     | Noticed a gargoyle
  9304 | D:9      | Identified the +10 shortbow "Lemneon" {vorpal, Str+3}
 10377 | D:6      | Reached XP level 10. HP: 85/94 MP: 17/17
 10428 | D:6      | Reached skill level 5 in Spellcasting
 11413 | D:8      | Found an opulent altar of Gozag.
 11607 | D:9      | Reached skill level 6 in Spellcasting
 11978 | D:9      | Found an iron altar of Okawaru.
 12598 | D:9      | Reached ***** piety under Vehumet
 12878 | D:9      | Reached skill level 5 in Shields
 12880 | D:9      | Offered knowledge of Iskenderun's Mystic Blast by Vehumet.
 13633 | D:10     | Reached skill level 5 in Earth Magic
 13673 | D:10     | Killed a gargoyle
 13966 | D:10     | Found a staircase to the Orcish Mines.
 14006 | D:10     | Killed a gargoyle
 14011 | D:10     | Reached XP level 11. HP: 64/101 MP: 3/20
 14207 | D:10     | Found a staircase to the Lair.
 14669 | D:10     | Found a basalt altar of Yredelemnul.
 14775 | Lair:1   | Entered Level 1 of the Lair of Beasts
 14806 | Lair:1   | Noticed a six-headed hydra
 14820 | Lair:1   | Killed a six-headed hydra
 15435 | Lair:1   | Found a blossoming altar of Fedhas.
 15440 | Lair:1   | Learned a level 3 spell: Frozen Ramparts
 15441 | Lair:1   | Noticed an oklob plant
 15445 | Lair:1   | Killed an oklob plant
 15560 | Lair:1   | Noticed an oklob plant
 15594 | Lair:1   | Killed an oklob plant
 16139 | Lair:1   | Noticed a lindwurm
 16167 | Lair:1   | Killed a lindwurm
 16588 | Lair:2   | Noticed a five-headed hydra
 16604 | Lair:2   | Killed a five-headed hydra
 16605 | Lair:2   | Reached skill level 7 in Spellcasting
 16684 | Lair:2   | Reached XP level 12. HP: 106/109 MP: 17/22
 16754 | Lair:2   | Learned a level 6 spell: Iron Shot
 16797 | Lair:2   | Reached skill level 8 in Spellcasting
 16901 | Lair:2   | Reached skill level 5 in Fighting
 17020 | Lair:2   | Reached skill level 5 in Polearms
 17021 | Lair:2   | Offered knowledge of Irradiate by Vehumet.
 17060 | Lair:2   | Learned a level 5 spell: Irradiate
 17150 | Lair:2   | Upgraded the game from 0.27-a0-1139-g28e009f8a6 to
                  | 0.27-a0-1140-g099f9bb0e8
 17330 | Lair:2   | Found a staircase to the Snake Pit.
 18157 | Lair:3   | Reached skill level 5 in Ice Magic
 18306 | Lair:3   | Reached skill level 1 in Transmutations
 18804 | Lair:4   | Found a staircase to the Shoals.
 18932 | Lair:4   | Noticed a six-headed hydra
 18939 | Lair:4   | Killed a six-headed hydra
 18940 | Lair:4   | Reached skill level 9 in Spellcasting
 19416 | Lair:4   | Noticed a boulder beetle
 19421 | Lair:4   | Reached XP level 13. HP: 93/124 MP: 24/26
 20075 | Lair:5   | Reached skill level 10 in Spellcasting
 21298 | Lair:5   | Reached skill level 5 in Transmutations
 22407 | Lair:6   | Entered Level 6 of the Lair of Beasts
 22556 | Lair:5   | Offered knowledge of Starburst by Vehumet.
 22868 | Lair:5   | Reached skill level 10 in Fighting
 22990 | Lair:5   | Reached skill level 11 in Spellcasting
 22990 | Lair:5   | Reached XP level 14. HP: 78/143 MP: 24/29
 23624 | Lair:5   | Learned a level 6 spell: Starburst
 23734 | Lair:6   | Slain by a komodo dragon

Illustrated notes

Levels and vault maps discovered:
D:1:      dpeg_arrival_tiny_b, layout_rooms, ebering_ecumenical_altar_mist,
          st_stairs_5, minmay_split_cup_small
D:2:      cheibrodos_fertilizer, layout_basic, serial_shops,
          nicolae_shop_waterfront
D:3:      layout_rooms, grunt_ministairs_11, chequers_arboretum,
          minmay_pentangle, uniq_sigmund, uniq_ijyb
D:4:      layout_basic, lemuel_crystal_altar, uniq_crazy_yiuf_cottage
D:5:      layout_loops_ring, zin_angel, minmay_overflow_temple_star_quad,
          nicolae_overflow_hidden_temple, minmay_misc_feat_nine_boxes,
          minmay_misc_feat_cross, minivault_1, grunt_ministairs_9,
          grunt_decor_resistance, uniq_edmund
D:6:      layout_basic, minmay_temple_entry_ruins
D:7:      layout_basic
D:8:      layout_basic, nicolae_gozag_seed_capital, kennysheep_mini,
          kennysheep_cluttered_room
D:9:      layout_gridville, okawaru_ov_weapons_minmay, serial_co_window_serial,
          co_window_corner_a, co_window_of_opportunity_a, co_window_corner_a,
          co_window_of_opportunity_a, co_window_corner_a, co_window_paths_a,
          co_window_paths_b, co_window_corner_b, co_window_broadway_c,
          co_window_corner_b, co_window_broadway_b, co_window_broadway_b,
          glass_columns_b
D:10:     layout_loops_ring, lemuel_tele_altar, due_lair_maze_entry_diamond,
          hiddenorc2_lemuel
Lair:1:   layout_gridlike, hangedman_tree_tricks, hangedman_lair_generics_rect
Lair:2:   layout_small_grid, minmay_snake_entry_six_corridors
Lair:3:   layout_gridlike, ldierk_geyser
Lair:4:   layout_misc_corridors, elwin_shoals_entry_rocks
Lair:5:   layout_cave_pods, serial_bayou_pond_a, st_stairs_9
Lair:6:   evil_forest, layout_small_grid, nicolae_slime_entry_slimehenge,
          special_room [special_room_jelly]

Skill      XL: |  1  2  3  4  5  6  7  8  9 10 11 12 13 14 |
---------------+-------------------------------------------+-----
Stealth        | 3 |  3.4
Fighting       | 3 4 7 10 | 10.9
Short Blades   | 2 |  2.6
Earth Magic    | 1 2 3 4 5 7 |  7.8
Spellcasting   | 1 2 3 4 6 7 9 11 | 11.4
Poison Magic   | 1 2 |  2.4
Polearms       | 1 2 4 6 8 9 |  9.0
Conjurations   | 1 2 3 5 6 7 |  7.1
Fire Magic     | 1 2 3 4 |  4.0
Ice Magic      | 2 4 5 |  5.6
Shields        | 2 6 9 |  9.0
Transmutations | 2 5 6 |  6.4
Throwing       | |  2.0
Dodging        | |  0.8

Action                   |  1- 3 |  4- 6 |  7- 9 | 10-12 | 13-15 || total
-------------------------+-------+-------+-------+-------+-------++-------
Melee: Dagger            |    75 |   130 |       |       |       ||   205
       Scythe            |       |    36 |    45 |       |       ||    81
       Halberd           |       |       |   241 |       |       ||   241
       Spear             |       |       |   108 |    48 |       ||   156
       Trident           |       |       |       |   518 |   158 ||   676
Throw: Stone             |       |       |       |     3 |       ||     3
 Cast: Sandblast         |     3 |    30 |    60 |    35 |     4 ||   132
       Poisonous Vapours |       |    11 |    51 |    76 |    38 ||   176
       Ignite Poison     |       |       |     3 |    19 |     9 ||    31
       Bolt of Magma     |       |       |    12 |    37 |     5 ||    54
       Ozocubu's Armour  |       |       |     2 |    18 |     4 ||    24
       Frozen Ramparts   |       |       |       |    21 |     6 ||    27
       Iron Shot         |       |       |       |     5 |    14 ||    19
       Irradiate         |       |       |       |     4 |    26 ||    30
       Starburst         |       |       |       |       |     2 ||     2
Evoke: Wand              |       |       |     1 |       |     1 ||     2
  Use: Scroll            |       |     2 |     7 |    13 |     8 ||    30
       Potion            |       |     1 |     1 |     9 |     6 ||    17
 Stab: Sleeping          |     4 |     7 |     5 |     2 |       ||    18
       Distracted        |     1 |       |     1 |     1 |       ||     3
       Invisible         |       |       |       |     1 |     1 ||     2
Armor: Robe              |    31 |    45 |   198 |   139 |    98 ||   511
       Skin              |       |       |       |     1 |       ||     1
Dodge: Dodged            |    32 |   106 |   252 |    33 |    47 ||   470
Block: Kite shield       |       |       |    31 |   765 |   396 ||  1192

Table legend: (Time is in decaauts)
 A = Elapsed time spent in this place.
 B = Non-inter-level travel time spent in this place.
 C = Inter-level travel time spent in this place.
 D = Time resting spent in this place.
 E = Time spent auto-exploring this place.
 F = Levels seen in this place.
 G = Mean time per level.
                   A        B        C        D        E       F      G
               +--------+--------+--------+--------+--------+-----+--------+
         Total |  23960 |  23198 |    762 |   8612 |  10615 |  16 | 1497.5 |
       Dungeon |  15119 |  14534 |    585 |   4673 |   7069 |  10 | 1511.9 |
          Lair |   8840 |   8663 |    177 |   3939 |   3546 |   6 | 1473.3 |
               +--------+--------+--------+--------+--------+-----+--------+

Top non-repeatable levels by time:
  Lair:5: 2705 daAuts
     D:8: 2186 daAuts
  Lair:4: 2183 daAuts
     D:9: 2099 daAuts
    D:10: 1786 daAuts
     D:4: 1719 daAuts
  Lair:1: 1663 daAuts
     D:7: 1551 daAuts
     D:5: 1399 daAuts
  Lair:2: 1366 daAuts
     D:3: 1260 daAuts
     D:2: 1173 daAuts
     D:6: 1112 daAuts
  Lair:3: 837 daAuts
     D:1: 830 daAuts
